 Dungeon Crawl Stone Soup version 0.29.1-1-gd02db6906a (webtiles) character file.

Game seed: 8822861500287236268

92 swilekon the Trooper (level 4, 0/32 HPs)
             Began as an Octopode Monk on Sept 15, 2022.
             Slain by a gnoll
             ... wielding a +0 spear
              (9 damage)
             ... on level 2 of the Dungeon.
             The game lasted 00:02:43 (2197 turns).

swilekon the Trooper (Octopode Monk)                Turns: 2197, Time: 00:02:44

Health: 0/32       AC:  1    Str: 10    XL:     4   Next: 60%
Magic:  4/4        EV: 14    Int: 12    God:
Gold:   53         SH:  0    Dex: 16    Spells: 3/3 levels left

rFire   . . .      SeeInvis .   c - +1 short sword (holy)
rCold   . . .      Faith    .   (no shield)
rNeg    . . .      Spirit   .   (helmet restricted)
rPois   .          Reflect  .   f - amulet of the acrobat
rElec   .          Harm     .   (no ring)
rCorr   .          Rampage  .   (no ring)
Will    .....                   (no ring)
Stlth   +++.......              (no ring)
HPRegen 0.10/turn               (no ring)
MPRegen 0.09/turn               (no ring)
                                (no ring)
                                (no ring)

@: no status effects
A: almost no armour, amphibious, 8 rings, camouflage 1, gelatinous body 1,
(nimble swimmer 1), tentacles
a: no special abilities


You were on level 2 of the Dungeon.
You visited 1 branch of the dungeon, and saw 2 of its levels.

You collected 53 gold pieces.

Inventory:

Hand Weapons
 c - a +1 short sword of holy wrath (weapon)
Jewellery
 f - an amulet of the acrobat (around mantle)
Scrolls
 d - a scroll of brand weapon {unknown}
Potions
 a - a potion of curing {unknown}
 b - a potion of ambrosia
 e - a potion of might {unknown}


   Skills:
 + Level 3.6 Fighting
 * Level 2.6 Short Blades
 - Level 3.1 Axes
 + Level 3.6 Dodging
 - Level 2.6 Stealth


You had 3 spell levels left.
You didn't know any spells.
Your spell library contained the following spells:

 Spells                   Type           Power      Damage    Failure   Level
 Necrotise                Necr           0%         1d4       32%         1
 Vampiric Draining        Necr           0%         2d6       69%         3
 Agony                    Necr           0%         N/A       100%        5


Dungeon Overview and Level Annotations

Branches:
Dungeon (2/15)

Altars:


Innate Abilities, Weirdness & Mutations

You cannot wear most types of armour.
You are amphibious.
You can wear up to eight rings at the same time.
Your skin changes colour to match your surroundings (Stealth+).
Your rubbery body absorbs attacks. (AC +1, EV +1)
((You are camouflaged when in or above water. (Stealth+)))
You have tentacles for arms and can constrict up to eight enemies at once.


Message History

You are too injured to fight recklessly!
You hit the gnoll.
The gnoll is almost dead.
You constrict the gnoll.
You kill the gnoll!
You hit the gnoll but do no damage. You grab the gnoll.
You constrict the gnoll. The gnoll hits you with a +0 club.
You hit the gnoll but do no damage. You squeeze the gnoll!
The gnoll is severely wounded.
You constrict the gnoll, but do no damage.
The gnoll completely misses you.
You hit the gnoll.
You kill the gnoll!
Items here: )) ††.
Key pressed, stopping explore.
Key pressed, stopping explore. 2 gnolls come into view.
The gnoll shouts! x2
There are monsters nearby!
You hit the gnoll. Your grab misses the gnoll. You squeeze the gnoll.
The gnoll is moderately wounded.
The gnoll closely misses you.
The gnoll hits you from afar with a +0 spear!
You hit the gnoll. You grab the gnoll.
The gnoll is heavily wounded.
You constrict the gnoll, but do no damage.
The gnoll hits you with a +0 club!
The gnoll hits you from afar with a +0 spear.
* * * LOW HITPOINT WARNING * * *
You hit the gnoll. You squeeze the gnoll.
You kill the gnoll!
The gnoll closely misses you. The gnoll completely misses you.
Things that are here:
a +0 club; a gnoll corpse You hit the gnoll.
You grab the gnoll.
The gnoll is moderately wounded.
You constrict the gnoll, but do no damage.
The gnoll hits you with a +0 spear!
You die...

######.#
#.#
.......#
#.#
########
#.# ...
#.# #####
#.# ....#
#)# ###.#
#.# ###.#
########.#
..#.#
......g@.#
#.#.#
##########
#.#.#
#.#.#
....#
..### ###


You could see a gnoll.

Vanquished Creatures
  3 gnolls (D:2)
  2 adders (D:2)
  A dart slug (D:2)
  A ball python (D:1)
  6 endoplasms
  5 giant cockroaches (D:1)
  2 goblins (D:1)
  3 hobgoblins (D:1)
  5 kobolds
  2 quokkas
  2 bats
  5 frilled lizards (D:1)
  7 rats
44 creatures vanquished.

Notes
Turn   | Place    | Note
-------+----------+-------------------------------------------
     0 | D:1      | swilekon the Octopode Monk began the quest for the Orb.
     0 | D:1      | Reached XP level 1. HP: 16/16 MP: 1/1
   401 | D:1      | Reached XP level 2. HP: 21/21 MP: 2/2
   581 | D:1      | Reached skill level 1 in Short Blades
   912 | D:1      | Reached XP level 3. HP: 17/26 MP: 3/3
  1503 | D:2      | Found a faded altar of an unknown god.
  1786 | D:2      | Reached XP level 4. HP: 31/31 MP: 4/4
  2197 | D:2      | Slain by a gnoll

Illustrated notes

Levels and vault maps discovered:
D:1:      amcnicky_arrival_underground_garden, layout_loops_cross,
          hangedman_decor_growths, minmay_misc_feat_cross, st_stairs_2
D:2:      layout_basic, shapermc_ecumenical_altar_venn, minmay_joined_circles

Skill      XL: |  1  2  3 |
---------------+----------+-----
Short Blades   | 1 2 |  2.6
Fighting       | |  3.6
Axes           | |  3.1
Dodging        | |  3.6
Stealth        | |  2.6

Action                   |  1- 3 |  4- 6 || total
-------------------------+-------+-------++-------
Melee: Short sword       |    59 |    20 ||    79
       Hand axe          |     5 |       ||     5
       Constrict         |    16 |     8 ||    24
       Tentacles         |    10 |     5 ||    15
       Punch             |     1 |     1 ||     2
 Stab: Sleeping          |    11 |       ||    11
Armor: Skin              |     2 |       ||     2
Dodge: Dodged            |    28 |    14 ||    42
